 Dungeon Crawl Stone Soup version 0.26.1-15-g04117e645d (webtiles) character file.

Game seed: 9162179698872779439

570 zekoff the Chopper (level 7, 55/67 HPs)
             Began as a Hill Orc Fighter on Jan 3, 2021.
             Quit the game on level 4 of the Dungeon on Mar 19, 2022.
             The game lasted 00:26:25 (3708 turns).

zekoff the Chopper (Hill Orc Fighter)               Turns: 3708, Time: 00:26:25

Health: 55/67      AC:  7    Str: 21    XL:     7   Next: 34%
Magic:  7/7        EV:  8    Int: 10    God:
Gold:   134        SH:  9    Dex: 10    Spells: 6/6 levels left

rFire    + . .     SeeInvis .   a - +0 war axe
rCold    . . .     Faith    .   c - +0 kite shield
rNeg     . . .     Spirit   .   b - +0 scale mail
rPois    .         Reflect  .   (no helmet)
rElec    .         Harm     .   (no cloak)
rCorr    .         Rampage  .   (no gloves)
Will     .....                  (no boots)
Stlth    ..........             (no amulet)
HPRegen  0.21/turn              m - ring of protection from fire
MPRegen  0.10/turn              (no ring)

@: no status effects
A: clever 1, robust 1
a: no special abilities


You were on level 4 of the Dungeon.
You visited 1 branch of the dungeon, and saw 4 of its levels.

You collected 134 gold pieces.

Inventory:

Hand Weapons
 a - a +0 war axe (weapon)
 t - a +0 long sword
Armour
 b - a +0 scale mail (worn)
 c - a +0 kite shield (worn)
 u - a +2 robe of willpower
Jewellery
 m - a ring of protection from fire (left hand)
 s - an uncursed ring of poison resistance {unknown}
Scrolls
 e - 3 scrolls of remove curse
 f - 4 scrolls of identify
 h - 2 scrolls of teleportation
 i - a scroll of enchant armour {unknown}
 k - a scroll of fog {unknown}
 r - a scroll of magic mapping {unknown}
 v - a scroll of enchant weapon {unknown}
Potions
 d - a potion of lignification {unknown}
 g - a potion of berserk rage {unknown}
 j - a potion of mutation
 l - a potion of haste {unknown}
 n - a potion of curing {unknown}
 o - 3 potions of heal wounds
 q - a potion of ambrosia {unknown}


   Skills:
 + Level 5.2 Fighting
 + Level 6.4 Axes
 + Level 4.5 Armour
 + Level 2.2 Dodging
 + Level 0.1 Stealth
 + Level 4.6 Shields
 + Level 0.5 Evocations


You had 6 spell levels left.
You didn't know any spells.
Your spell library was empty.

Dungeon Overview and Level Annotations

Branches:
Dungeon (4/15)
 Temple: D:4-7

Altars:

Shops:
D:4 [


Innate Abilities, Weirdness & Mutations

Your mind is acute. (Int +2)
You are robust. (+10% HP)


Message History

The phantom is almost destroyed.
You block the phantom's attack.
You hit the phantom but do no damage.
The phantom is almost destroyed.
The phantom hits you but does no damage.
You closely miss the phantom.
The phantom is almost destroyed.
The phantom blinks! x2
The phantom blinks!
You barely miss the phantom.
The phantom is almost destroyed.
You block the phantom's attack.
You hit the phantom.
You destroy the phantom!
Welcome back, zekoff the Hill Orc Fighter.
Press ? for a list of commands and other information.
Welcome back, zekoff the Hill Orc Fighter.
Press ? for a list of commands and other information.
Enter note: Are you sure you want to abandon this character and quit the game? (Confirm with "yes".)

........## #........##
........# ##........#
.......## ##..(......##
.......# #...........#
......## ##...........## ..
......####)............# #.!.
.....###...............##.....
....###...................#
....#...#.......@........##
.......##...............##
#....###...............##
...### #...............# ..##
................# ...##
#................# ....##
...........(..# .....##.
............... ..##.....


There were no monsters in sight!

Vanquished Creatures
  A phantom (D:4)
  Blork the orc (D:4)
  A jelly (D:3)
  An orc priest (D:3)
  2 hounds (D:4)
  Jessica (D:2)
  An iguana (D:3)
  An orc wizard (D:3)
  10 adders
  3 oozes
  2 worms
  3 dart slugs
  5 leopard geckos
  5 orcs
  A ball python (D:2)
  3 giant cockroaches
  6 goblins
  13 hobgoblins
  3 jackals (D:2)
  10 kobolds
  11 bats
  11 frilled lizards
  11 rats
106 creatures vanquished.

Vanquished Creatures (others)
  24 plants (D:3)
24 creatures vanquished.

Grand Total: 130 creatures vanquished

Notes
Turn   | Place    | Note
-------+----------+-------------------------------------------
     0 | D:1      | zekoff the Hill Orc Fighter began the quest for the Orb.
     0 | D:1      | Reached XP level 1. HP: 19/19 MP: 1/1
    26 | D:1      | Reached XP level 2. HP: 27/27 MP: 2/2
    99 | D:1      | Reached skill level 3 in Axes
   228 | D:1      | Reached XP level 3. HP: 30/33 MP: 3/3
   903 | D:1      | Reached XP level 4. HP: 36/40 MP: 4/4
  1070 | D:2      | Reached skill level 1 in Dodging
  1072 | D:2      | Reached skill level 4 in Axes
  1433 | D:2      | Reached XP level 5. HP: 46/46 MP: 5/5
  2096 | D:2      | Noticed Jessica
  2102 | D:2      | Killed Jessica
  2287 | D:3      | Reached skill level 5 in Axes
  2287 | D:3      | Reached XP level 6. HP: 38/53 MP: 6/6
  2337 | D:3      | Gained mutation: Your mind is acute. (Int +2) [potion of
                  | mutation]
  2337 | D:3      | Gained mutation: You are robust. (+10% HP) [potion of
                  | mutation]
  3239 | D:3      | Upgraded the game from 0.26-b1-25-gafae2e710b to
                  | 0.26.0-16-gc1dbca0489
  3278 | D:4      | Found Qoteol's Antique Armour Boutique.
  3290 | D:4      | Upgraded the game from 0.26.0-16-gc1dbca0489 to
                  | 0.26.1-10-gdfb7c7de75
  3379 | D:4      | Noticed Blork the orc
  3401 | D:4      | Killed Blork the orc
  3402 | D:4      | Reached skill level 5 in Fighting
  3402 | D:4      | Reached skill level 6 in Axes
  3402 | D:4      | Reached XP level 7. HP: 26/67 MP: 7/7
  3708 | D:4      | Upgraded the game from 0.26.1-10-gdfb7c7de75 to
                  | 0.26.1-11-gd32895ea62
  3708 | D:4      | Upgraded the game from 0.26.1-11-gd32895ea62 to
                  | 0.26.1-15-g04117e645d
  3708 | D:4      | Quit the game

Illustrated notes

Levels and vault maps discovered:
D:1:      elethiomel_arrival_shortcut, layout_loops_ring, minmay_tall_x
D:2:      minmay_chambers_of_ones, layout_basic, uniq_jessica
D:3:      layout_basic, kennysheep_boxes
D:4:      layout_cave_pods, serial_shops, shop, makhleb_heckhound_becter,
          uniq_blork_the_orc

Skill      XL: |  1  2  3  4  5  6 |
---------------+-------------------+-----
Axes           | 3 4 5 6 |  6.4
Fighting       | 4 5 |  5.2
Dodging        | 1 2 |  2.2
Shields        | 4 |  4.6
Armour         | 4 |  4.5
Stealth        | |  0.1
Evocations     | |  0.5

Action                   |  1- 3 |  4- 6 |  7- 9 || total
-------------------------+-------+-------+-------++-------
Melee: War axe           |   115 |   220 |    37 ||   372
Evoke: Wand              |       |    10 |     1 ||    11
  Use: Potion            |       |     3 |       ||     3
       Scroll            |       |     4 |       ||     4
Armor: Scale mail        |    53 |    88 |     8 ||   149
Dodge: Dodged            |    45 |    83 |     8 ||   136
Block: Kite shield       |    61 |    98 |    18 ||   177
